 Dungeon Crawl Stone Soup version 0.31-a0-986-g5e6e4ef867 (webtiles) character file.

Game seed: 15697457324342088447

1825 wildpjah the Carver (level 8, -11/68 HPs)
             Began as a Pale Draconian Warper on Nov 20, 2023.
             Was a Follower of Okawaru.
             Killed from afar by Maggie (18 damage)
             ... with a bolt of fire
             ... on level 7 of the Dungeon.
             The game lasted 00:13:57 (6840 turns).

wildpjah the Carver (Pale Draconian Warper)         Turns: 6840, Time: 00:13:58

Health: -11/68     AC: 11    Str: 15    XL:     8   Next: 86%
Magic:  11/11      EV: 19    Int: 13    God:    Okawaru [*.....]
Gold:   275        SH:  0    Dex: 12    Spells: 11/11 levels left

rFire   . . .        a - +0 falchion (flame)
rCold   + . .        (no shield)
rNeg    . . .        (body armour unavailable)
rPois   .            (helmet restricted)
rElec   .            h - +0 cloak
rCorr   .            B - +1 pair of gloves
SInv    .            y - +1 pair of boots {rampage}
Will    .....        (no amulet)
Stlth   ++           u - ring of protection from cold
HPRegen 0.31/turn    C - +5 ring of evasion
MPRegen 0.12/turn

%: rampage
@: no status effects
A: breathe steam, AC +6, unfitting armour, cold-blooded, steam resistance
a: Breathe Steam, Renounce Religion, Heroism


You were on level 7 of the Dungeon.
You worshipped Okawaru.
Okawaru was aware of your devotion.
You visited 2 branches of the dungeon, and saw 8 of its levels.
You also visited: Ossuary.

You collected 611 gold pieces.
You spent 336 gold pieces at shops.

Inventory:

Hand Weapons
 a - a +0 falchion of flaming (weapon)
Missiles
 c - 7 darts of dispersal
 e - 8 poisoned darts
 k - 4 javelins
Armour
 h - a +0 cloak (worn)
 y - a +1 pair of boots of rampaging (worn)
 B - a +1 pair of gloves (worn)
Jewellery
 u - a ring of protection from cold (left hand)
 x - a ring of positive energy
 C - a +5 ring of evasion (right hand)
Wands
 m - a wand of polymorph (6)
 w - a wand of quicksilver (2)
Scrolls
 b - 2 scrolls of blinking
 d - 2 scrolls of noise
 g - 5 scrolls of identify
 i - 2 scrolls of revelation
 j - a scroll of brand weapon
 l - 4 scrolls of teleportation
 o - a scroll of summoning
 v - 3 scrolls of vulnerability
 D - a scroll of immolation {unknown}
 F - a scroll of fear {unknown}
 G - a scroll of fog {unknown}
Potions
 n - a potion of degeneration {unknown}
 p - 3 potions of cancellation {unknown}
 q - 2 potions of berserk rage {unknown}
 r - 2 potions of attraction {unknown}
 s - 4 potions of haste {unknown}
 t - 2 potions of might {unknown}
 z - a potion of lignification
 A - a potion of magic {unknown}
 E - a potion of heal wounds {unknown}


   Skills:
 * Level 5.1 Fighting
 * Level 8.0 Long Blades
 + Level 1.0 Throwing
 * Level 6.6 Dodging
 + Level 1.2 Stealth
 + Level 2.1 Spellcasting
 + Level 3.3 Translocations


You had 11 spell levels left.
You didn't know any spells.
Your spell library contained the following spells:

 Spells                   Type           Power      Damage    Failure   Level
 Blink                    Tloc           20%        N/A       10%         2
 Lesser Beckoning         Tloc           20%        N/A       10%         2
 Teleport Other           Tloc           10%        N/A       19%         3
 Poisonous Vapours        Pois/Air       2%         N/A       36%         2
 Manifold Assault         Tloc           10%        N/A       54%         4
 Mephitic Cloud           Conj/Pois/Air  1%         N/A       58%         3
 Ozocubu's Armour         Ice            1%         N/A       58%         3
 Vhi's Electric Charge    Tloc/Air       10%        N/A       77%         4
 Arcjolt                  Conj/Air       0%         1d10      100%        5
 Freezing Cloud           Conj/Ice/Air   0%         6-21      100%        5
 Ozocubu's Refrigeration  Ice            0%         4d7       100%        7
 Maxwell's Capacitive Co  Air            0%         ∞         100%        8


Dungeon Overview and Level Annotations

Branches:
Dungeon (7/15)             Temple (1/1) D:5         Ossuary (visited)

Altars:
Cheibriados
Dithmenos
Elyvilon
Fedhas
Gozag
Hepliaklqana
Okawaru
Ru
Sif Muna
Trog
Uskayaw
Vehumet
Wu Jian
Yredelemnul
Zin
The Shining One

Shops:
D:4 *   D:5 ![[[

Annotations:
D:7 Maggie


Innate Abilities, Weirdness & Mutations

You can breathe blasts of scalding, opaque steam.
Your pale cyan-grey scales are hard. (AC +6)
You cannot fit into any form of body armour.
You are cold-blooded and may be slowed by cold attacks.
You are immune to the effects of steam.


Message History

Maggie burns you.
* * * LOW HITPOINT WARNING * * *
You hit Maggie. You burn Maggie.
Your tail-slap misses Maggie.
Maggie is heavily wounded.
Maggie casts a spell.
Maggie attempts to bespell you! You resist with almost no effort.
You closely miss Maggie.
Maggie is heavily wounded.
Maggie misses you.
You hit Maggie. You burn Maggie.
Maggie is heavily wounded.
Maggie misses you.
You completely miss Maggie.
Your tail-slap misses Maggie.
Maggie is heavily wounded.
Maggie barely misses you.
You hit Maggie. You burn Maggie.
Maggie is heavily wounded.
Maggie hits you with a +1 broad axe of flaming!
* * * LOW HITPOINT WARNING * * *
Maggie burns you.
* * * LOW HITPOINT WARNING * * *
You barely miss Maggie. You tail-slap Maggie, but do no damage.
Maggie is heavily wounded.
Maggie hits you but does no damage.
You feel better.
Maggie hits you with a +1 broad axe of flaming!
* * * LOW HITPOINT WARNING * * *
Maggie burns you.
* * * LOW HITPOINT WARNING * * *
You slash Maggie! You burn Maggie.
Maggie is severely wounded.
You hit Maggie. You burn Maggie. You tail-slap Maggie, but do no damage.
Maggie is severely wounded.
Maggie casts a spell.
Maggie attempts to bespell you!
You easily resist.
You hit Maggie but do no damage. You tail-slap Maggie, but do no damage.
Maggie is severely wounded.
Maggie casts a spell at you. The bolt of fire hits you!!
You die...

#. ## . .# #. .#
#. .# #. .###.#..#
#. #.#..#..# #.
#.......# #.
#...../# #.
#...@..# #.
#@######### #.
#.#....†..#######.
#.#.#####.......#.
#.#.......#####.#.
#......#..#####.#.
###..#.#..##......
#..#.......##.##
#.......#####.#
##.###........#


You could see Maggie.

Vanquished Creatures
  Edmund (D:6)
  A water moccasin (D:7)
  An orc warrior (D:6)
  A sky beast (D:7)
  2 ogres
  A centaur (D:5)
  A phantom (D:6)
  2 bullfrogs
  2 howler monkeys
  3 orc priests
  A gnoll bouda (D:6)
  3 hounds
  2 sleepcaps
  Ijyb (D:3)
  2 iguanas
  3 orc wizards
  Terence (D:2)
  2 hound zombies (D:4)
  3 hound skeletons (D:4)
  8 mummies (Ossuary)
  Robin (D:4)
  4 gnolls (D:6)
  11 adders
  2 ufetubi (D:6)
  3 adder zombies (D:4)
  3 dart slugs
  9 orcs
  15 bats
  7 endoplasms
  A giant cockroach (D:2)
  15 hobgoblins
  6 jackals (D:1)
  3 kobolds
  4 quokkas
  6 ball pythons
  3 frilled lizards
  13 goblins
  5 hobgoblin zombies (Ossuary)
  3 kobold zombies (Ossuary)
  7 rats
162 creatures vanquished.

Notes
Turn   | Place    | Note
-------+----------+-------------------------------------------
     0 | D:1      | wildpjah the Draconian Warper began the quest for the Orb.
     0 | D:1      | Reached XP level 1. HP: 17/17 MP: 3/3
   101 | D:1      | Reached XP level 2. HP: 21/24 MP: 5/5
   608 | D:1      | Reached XP level 3. HP: 30/30 MP: 6/6
  1240 | D:2      | Noticed Terence
  1248 | D:2      | Killed Terence
  1249 | D:2      | Reached XP level 4. HP: 27/37 MP: 7/7
  1410 | D:2      | Identified the +1 ring mail of the Seven Suns {rN+}
  1440 | D:2      | Reached skill level 3 in Long Blades
  2373 | D:3      | Noticed Ijyb
  2517 | D:3      | Reached XP level 5. HP: 45/45 MP: 8/8
  2551 | D:3      | Found a blossoming altar of Fedhas.
  2711 | D:3      | Killed Ijyb
  2934 | D:3      | Reached skill level 1 in Throwing
  3047 | D:4      | Reached skill level 4 in Long Blades
  3184 | D:4      | Noticed an ogre
  3194 | D:4      | Killed an ogre
  3195 | D:4      | Reached XP level 6. HP: 5/51 MP: 9/9
  3337 | D:4      | Found a sand-covered staircase.
  3361 | Ossuary  | Entered an ossuary
  3698 | Ossuary  | Reached skill level 5 in Long Blades
  3885 | D:4      | Found Puthremo's Assorted Antiques.
  4060 | D:4      | Noticed Robin
  4079 | D:4      | Killed Robin
  4082 | D:4      | Your scales start taking on a pale cyan-grey colour.
  4082 | D:4      | Reached XP level 7. HP: 56/58 MP: 10/10
  4082 | D:4      | Gained mutation: You are immune to the effects of steam.
                  | [Pale Draconian growth]
  4685 | D:5      | Entered Level 5 of the Dungeon
  4740 | D:5      | Found Wephud's Distillery.
  4789 | D:5      | Found Giuritim's Armour Boutique.
  4900 | D:5      | Found Biots's Armour Shoppe.
  4909 | D:5      | Bought a +1 pair of boots of rampaging for 198 gold pieces
  4909 | D:5      | Bought a +1 pair of gloves for 138 gold pieces
  4983 | D:5      | Reached skill level 6 in Long Blades
  4993 | D:5      | Reached skill level 5 in Dodging
  5308 | D:5      | Found Kagag's Armour Boutique.
  5447 | D:5      | Found a staircase to the Ecumenical Temple.
  5488 | Temple   | Entered the Ecumenical Temple
  5526 | Temple   | Became a worshipper of Warmaster Okawaru
  5776 | D:6      | Reached XP level 8. HP: 58/67 MP: 11/11
  6131 | D:6      | Noticed Edmund
  6138 | D:6      | Killed Edmund
  6139 | D:6      | Reached skill level 7 in Long Blades
  6169 | D:6      | Reached * piety under Okawaru
  6554 | D:6      | Reached skill level 1 in Stealth
  6735 | D:7      | Reached skill level 5 in Fighting
  6805 | D:7      | Reached skill level 8 in Long Blades
  6808 | D:7      | Noticed Maggie
  6840 | D:7      | Killed from afar by Maggie

Illustrated notes

Levels and vault maps discovered:
D:1:      amcnicky_arrival_gap_in_the_tavern_cellar, layout_loops_ring,
          serial_rivers, chequers_serial_rivers_room_b,
          chequers_serial_rivers_micro_b, chequers_serial_rivers_small_3,
          chequers_serial_rivers_small_a, chequers_serial_rivers_micro_b
D:2:      layout_basic, serial_glass, glass_columns_b, glass_columns_b,
          uniq_terence
D:3:      layout_loops_ring, fedhas_altar_2, uniq_ijyb
D:4:      layout_loops_cross, serial_shops, nicolae_take_the_stairs,
          mainiacjoe_ossuary_entry_find_the_door, roderic_batcave, uniq_robin
D:5:      layout_loops_cross, minmay_temple_entry_junction, serial_shops,
          nicolae_stop_n_shop_1, nicolae_shop_temple_entry_statues_fountains,
          shop, kennysheep_little_box, minmay_chambers_of_fives
D:6:      nicolae_BIG_FREAKIN_CUBE, layout_basic, uniq_edmund
D:7:      layout_loops_cross, amcnicky_altar_gilded, uniq_duvessa, uniq_joseph,
          uniq_menkaure, uniq_maggie
Temple:   regret_index_temple_generic_petals

Skill      XL: |  1  2  3  4  5  6  7  8 |
---------------+-------------------------+-----
Dodging        | 3 4 5 6 |  6.6
Long Blades    | 3 4 5 6 8 |  8.0
Fighting       | 3 4 5 |  5.1
Throwing       | 1 |  1.0
Stealth        | 1 |  1.2
Spellcasting   | |  2.1
Translocations | |  3.3

Action                     |  1- 3 |  4- 6 |  7- 9 || total
---------------------------+-------+-------+-------++-------
  Melee: Falchion          |   111 |   234 |   351 ||   696
         Tailslap          |     6 |    26 |    57 ||    89
         Unarmed           |       |    14 |       ||    14
         Punch             |       |     1 |     4 ||     5
  Throw: Dart              |     2 |       |       ||     2
 Invoke: Heroism           |       |       |     2 ||     2
Ability: Breathe Steam     |       |       |     6 ||     6
  Evoke: Wand              |       |     1 |       ||     1
    Use: Scroll            |     2 |     6 |     1 ||     9
         Potion            |       |     1 |     1 ||     2
   Stab: Sleeping          |       |       |     2 ||     2
 Armour: Skin              |    76 |   151 |   178 ||   405
  Dodge: Dodged            |    94 |   144 |   258 ||   496

Table legend: (Time is in decaauts)
 A = Elapsed time spent in this place.
 B = Non-inter-level travel time spent in this place.
 C = Inter-level travel time spent in this place.
 D = Time resting spent in this place.
 E = Time spent auto-exploring this place.
 F = Levels seen in this place.
 G = Mean time per level.
                   A        B        C        D        E       F      G
               +--------+--------+--------+--------+--------+-----+--------+
         Total |   6868 |   6556 |    312 |    551 |   4656 |   9 |  763.1 |
       Dungeon |   6293 |   6054 |    239 |    413 |   4415 |   7 |  899.0 |
        Temple |     75 |      2 |     73 |      0 |      0 |   1 |   75.0 |
       Ossuary |    498 |    498 |      0 |    138 |    241 |   1 |  498.0 |
               +--------+--------+--------+--------+--------+-----+--------+

Top non-repeatable levels by time:
     D:2: 1139 daAuts
     D:1: 1076 daAuts
     D:4: 1039 daAuts
     D:6: 996 daAuts
     D:3: 975 daAuts
     D:5: 948 daAuts
 Ossuary: 498 daAuts
     D:7: 118 daAuts
  Temple: 75 daAuts
